Map: 2000 Atmospheres LE

Players

AGOElazer (Elazer)

  • Race: Zerg Zerg
  • League: Grandmaster

MaxPax - Winner!

  • Race: Protoss Protoss
  • League: Grandmaster

Event: DreamHack SC2 Masters 2021 Summer

VOD

Have the link to the VOD?

Description

Time

  • Played on: June 4, 2021, 9:28 a.m.
  • Length: 8:35

All games in this series

Show
View Real Time Build Order
Export as new Build Order

AGOElazer Zerg 

Build Orders: Hatch First 

Get SALT Encoding   

  12  0:00  Drone  
  13  0:12  Overlord  
  13  0:17  Drone  
  14  0:30  Drone x2  
  16  0:41  Drone  
  17  0:51  Hatchery  
  17  0:55  Drone  
  17  0:58  Drone  
  18  1:09  Extractor  
  17  1:13  Spawning Pool  
  17  1:17  Drone  
  17  1:20  Drone  
  18  1:28  Drone  
  19  1:38  Drone  
  20  1:49  Overlord  
  20  2:01  Queen  
  20  2:04  Drone, Queen  
  20  2:05  Zergling x2  
  26  2:11  Zergling x2  
  26  2:13  Metabolic Boost  
  26  2:15  Drone  
  28  2:22  Drone  
  29  2:25  Drone  
  30  2:33  Drone  
  30  2:35  Drone  
  32  2:40  Hatchery  
  31  2:47  Queen  
  33  2:51  Overlord  
  33  2:54  Drone  
  34  3:00  Queen  
  34  3:03  Overlord  
  36  3:08  Drone  
  36  3:09  Drone  
  36  3:12  Drone x2  
  39  3:15  Drone  
  39  3:17  Drone  
  39  3:18  Drone  
  42  3:20  Drone  
  42  3:23  Drone  
  44  3:30  Queen  
  44  3:31  Drone  
  44  3:33  Spore Crawler  
  46  3:36  Drone  
  46  3:40  Overlord  
  47  3:42  Overlord  
  47  3:53  Drone x3  
  50  3:58  Drone x5  
  50  3:59  Drone  
  50  4:01  Drone  
  57  4:06  Queen  
  59  4:11  Zergling x6  
  59  4:16  Zergling x4  
  64  4:24  Drone x2  
  64  4:27  Overlord  
  66  4:34  Extractor, Roach Warren  
  66  4:36  Drone x2  
  66  4:40  Overlord  
  66  4:46  Drone x8  
  66  4:49  Overlord  
  66  4:51  Lair  
  74  4:59  Drone  
  77  5:00  Drone x4  
  77  5:01  Drone  
  77  5:03  Extractor  
  77  5:04  Drone  
  78  5:07  Queen x2  
  78  5:11  Drone x2  
  78  5:12  Zergling x6  
  87  5:15  Drone x3  
  87  5:18  Extractor  
  87  5:20  Hatchery  
  88  5:23  Overlord  
  88  5:29  Drone x2  
  88  5:30  Spore Crawler  
  88  5:31  Drone  
  90  5:37  Extractor  
  90  5:38  Extractor  
  90  5:39  Drone x2  
  90  5:43  Drone, Overlord  
  90  5:44  Evolution Chamber  
  90  5:46  Queen x2  
  90  5:47  Overlord  
  94  5:50  Spire  
  94  5:55  Overlord  
  91  6:02  Overlord  
  91  6:04  Drone x8  
  97  6:14  Overlord  
  97  6:16  Drone x8  
  97  6:18  Zerg Melee Weapons Level 1  
  104  6:22  Queen x2  
  104  6:25  Overlord  
  105  6:26  Drone x2  
  105  6:30  Drone x3  
  107  6:36  Overlord  
  107  6:38  Drone x5  
  110  6:40  Overlord  
  110  6:42  Overlord  
  109  6:58  Drone x2, Hatchery  
  109  6:59  Drone x2  
  109  7:05  Corruptor x2  
  113  7:14  Corruptor  
  113  7:15  Corruptor x2  
  116  7:18  Corruptor  
  116  7:25  Corruptor x2  
  116  7:29  Corruptor  
  120  7:36  Corruptor x2  
Show
View Real Time Build Order
Export as new Build Order

MaxPax Protoss - Winner!

Build Orders: 1 Gate Expand 

Get SALT Encoding   

  12  0:00  Probe  
  13  0:12  Probe  
  14  0:19  Pylon  
  14  0:24  Probe  
  15  0:37  Probe (Chrono Boost)  
  15  0:40  Gateway  
  16  0:49  Probe (Chrono Boost)  
  17  0:51  Assimilator  
  17  0:54  Probe (Chrono Boost)  
  18  1:03  Probe  
  19  1:15  Probe  
  20  1:26  Nexus  
  20  1:40  Cybernetics Core  
  20  1:42  Probe  
  21  1:49  Assimilator  
  21  1:54  Probe  
  22  1:56  Pylon  
  22  2:06  Probe  
  23  2:13  Adept (Chrono Boost)  
  23  2:17  Warp Gate  
  23  2:18  Probe (Chrono Boost)  
  26  2:29  Probe (Chrono Boost), Stargate  
  27  2:34  Probe (Chrono Boost)  
  27  2:36  Adept  
  30  2:38  Probe (Chrono Boost)  
  31  2:49  Probe (Chrono Boost)  
  31  2:50  Probe (Chrono Boost)  
  33  2:54  Probe (Chrono Boost)  
  33  2:56  Probe  
  35  3:04  Probe, Void Ray (Chrono Boost)  
  36  3:08  Probe  
  37  3:17  Probe  
  37  3:18  Pylon  
  42  3:20  Probe  
  43  3:29  Probe  
  43  3:31  Gateway, Assimilator  
  43  3:33  Probe, Assimilator  
  45  3:41  Probe  
  46  3:45  Probe  
  46  3:47  Pylon  
  47  3:53  Probe, Fleet Beacon  
  48  3:57  Probe  
  49  4:04  Stargate  
  49  4:05  Probe  
  49  4:07  Adept  
  49  4:09  Probe  
  53  4:17  Probe  
  53  4:21  Probe  
  53  4:23  Pylon  
  55  4:28  Nexus  
  55  4:29  Probe  
  56  4:33  Probe  
  57  4:40  Tempest (Chrono Boost)  
  57  4:45  Probe  
  64  4:46  Shield Battery  
  64  4:52  Probe  
  69  4:58  Tempest (Chrono Boost)  
  70  5:06  Shield Battery  
  70  5:08  Pylon x2  
  70  5:10  Probe  
  70  5:17  Void Ray (Chrono Boost)  
  70  5:18  Forge  
  70  5:26  Probe x2  
  70  5:28  Void Ray (Chrono Boost)  
  76  5:38  Probe x2  
  76  5:42  Robotics Facility  
  78  5:44  Flux Vanes  
  78  5:45  Probe  
  78  5:46  Zealot x2  
  78  5:47  Void Ray (Chrono Boost)  
  83  5:50  Probe x2  
  89  5:57  Probe  
  89  6:02  Probe  
  91  6:06  Void Ray (Chrono Boost), Assimilator  
  91  6:07  Assimilator  
  95  6:12  Probe  
  95  6:16  Probe  
  97  6:24  Twilight Council  
  97  6:25  Gateway  
  97  6:27  Probe  
  97  6:28  Pylon  
  98  6:35  Pylon  
  98  6:36  Pylon  
  98  6:40  Void Ray x2  
  98  6:44  Pylon  
  98  6:45  Pylon  
  106  6:50  Probe  
  107  6:59  Probe  
  108  7:03  Robotics Bay  
  108  7:04  Gateway  
  108  7:05  Photon Cannon  
  108  7:07  Gateway  
  108  7:10  Gateway  
  108  7:17  Void Ray  
  108  7:19  Void Ray  
  108  7:22  Probe  
  117  7:33  Photon Cannon  
Tags
 
Add a new tag
Caveats
  • Supply blocks, unpowered buildings, or Contaminate may cause inaccurate times.
  • Supply counts are checked every 10 seconds.